 Dungeon Crawl Stone Soup version 0.31-a0-221-gbddc013574 (webtiles) character file.

Game seed: 14083564084682830620

30 qw the Shooter (level 3, -1/21 HPs)
             Began as a Gargoyle Hexslinger on July 4, 2023.
             Slain by a goblin
             ... wielding a +0 dagger
             ... led by Robin
              (4 damage)
             ... on level 1 of the Dungeon.
             The game lasted 00:00:17 (697 turns).

qw the Shooter (Gargoyle Hexslinger)                 Turns: 697, Time: 00:00:17

Health: -1/21      AC:  6    Str: 11    XL:     3   Next: 20%
Magic:  4/4        EV: 12    Int: 13    God:
Gold:   45         SH:  0    Dex: 14    Spells: 3/4 levels left

rFire   . . .        j - +1 sling (heavy)
rCold   . . .        (no shield)
rNeg    + . .        c - +0 robe
rPois   inf          (no helmet)
rElec   +            (no cloak)
rCorr   .            e - +0 pair of gloves
SInv    .            (no boots)
Will    .....        (no amulet)
Stlth   +            (no ring)
HPRegen 0.23/turn    (no ring)
MPRegen 0.09/turn

%: no passive effects
@: no status effects
A: sickness immunity, AC +3, negative energy resistance 1, electricity
resistance, torment resistance 1, petrification resistance
a: no special abilities


You were on level 1 of the Dungeon.
You visited 1 branch of the dungeon, and saw 2 of its levels.

You collected 45 gold pieces.


Innate Abilities, Weirdness & Mutations

You are immune to sickness and miasma.
Your stone body is resilient. (AC +3)
You are immune to poison.
You resist negative energy. (rN+)
You are resistant to electric shocks. (rElec)
You are resistant to unholy torment.
You are immune to petrification.


   Skills:
 - Level 2.0 Fighting
 + Level 3.1 Ranged Weapons
 - Level 1.5 Dodging
 - Level 1.0 Spellcasting
 - Level 2.6 Hexes


You had 3 spell levels left.
You knew the following spells:

 Your Spells              Type           Power      Damage    Failure   Level
a - Slow                  Hex            28%        N/A       10%         1

Your spell library contained the following spells:

 Spells                   Type           Power      Damage    Failure   Level
 Inner Flame              Hex/Fire       4%         N/A       43%         3
 Portal Projectile        Hex/Tloc       8%         N/A       43%         3
 Cause Fear               Hex            3%         N/A       67%         4

Inventory:

Hand Weapons
 j - a +1 heavy sling (weapon)
Armour
 c - a +0 robe (worn)
 e - a +0 pair of gloves (worn)
Scrolls
 f - a scroll of identify
Potions
 g - a potion of brilliance {unknown}
 k - a potion of lignification {unknown}

Dungeon Overview and Level Annotations

Branches:
Dungeon (2/15)

Altars:

Annotations:
D:2 Robin


Message History

A goblin comes into view. It is wielding a +0 dagger.
An endoplasm comes into view.
You shoot a sling bullet. The sling bullet hits the goblin!
You kill the goblin!
A hobgoblin comes into view.
Robin of the Strong Arm comes into view.
They are wielding a +0 short sword.
You shoot a sling bullet.
The sling bullet barely misses the goblin.
The goblin completely misses you. The goblin hits you but does no damage.
Robin roars a battlecry!
The goblins go into a battle-frenzy!
A goblin comes into view. It is wielding a +0 club.
You hear a shout!
You hear an angry hiss.
You shoot a sling bullet.
The sling bullet closely misses the goblin.
The goblin hits you but does no damage. The goblin hits you with a +0 club. x2
The goblin closely misses you. x2
A goblin comes into view. It is wielding a +0 dagger.
The goblin barely misses you.
An adder comes into view.
693 ||| STAIRDANCE The goblin hits you but does no damage.
The goblin hits you with a +0 club. The goblin hits you with a +0 dagger.
The goblin hits you but does no damage.
You climb upwards.
There is a stone staircase leading down here.
You shoot a sling bullet.
The sling bullet completely misses the goblin.
The goblin misses you. The goblin hits you with a +0 club.
The goblin barely misses you.
The goblin hits you but does no damage. x2
The goblin barely misses you. The goblin hits you with a +0 club.
The goblin hits you but does no damage.
You shoot a sling bullet. The sling bullet hits the goblin.
You kill the goblin!
The goblin closely misses you. The goblin hits you but does no damage.
The goblin misses you.
You shoot a sling bullet. The sling bullet hits the goblin!
You kill the goblin!
The goblin hits you with a +0 dagger. The goblin barely misses you.
The goblin hits you with a +0 dagger.
You die...

#........#.####.#..............#
#........#.# ##.#..............#
#........#.# #....#####........#
#........#.# #....# #........#
##########.# #....# #........#
#.# #....# #........# #.#
#....#####........# #.#
#g...##....?......# #.#
#g@)....##........#
######'####.)....##........#
#........#####.(.###'#######
#........'..................
#........###...#.###.###....
#........# #...#..##.# #....
#........# #...##....###....
#........# #...#####..##....
#........###.......#........


You could see 2 goblins.

Vanquished Creatures
  2 dart slugs (D:1)
  2 endoplasms (D:1)
  3 giant cockroaches (D:1)
  4 goblins
  2 hobgoblins (D:1)
  A quokka (D:2)
  A ball python (D:1)
  2 bats (D:1)
  3 frilled lizards (D:1)
  2 kobolds (D:1)
  4 rats
26 creatures vanquished.

Notes
Turn   | Place    | Note
-------+----------+-------------------------------------------
     0 | D:1      | qw the Gargoyle Hexslinger began the quest for the Orb.
     0 | D:1      | Reached XP level 1. HP: 12/12 MP: 2/2
     0 | D:1      | 0 ||| qw: Version: 0.3-a-41-g9d075ac
     0 | D:1      | 0 ||| qw: Game counter: 816
     0 | D:1      | 0 ||| qw: Melee chars always use a shield: true
     0 | D:1      | 0 ||| qw: God list: Okawaru
     0 | D:1      | 0 ||| qw: Allow faded altars: false
     0 | D:1      | 0 ||| qw: Do Orc after clearing Dungeon:15 true
     0 | D:1      | 0 ||| qw: Do second Lair branch before Depths: true
     0 | D:1      | 0 ||| qw: Lair rune preference: random
     0 | D:1      | 0 ||| qw: Goals: Normal
     0 | D:1      | 0 ||| PLANNING D:1-11
   189 | D:1      | Found a faded altar of an unknown god.
   226 | D:1      | Reached XP level 2. HP: 16/16 MP: 3/3
   347 | D:1      | Reached skill level 3 in Ranged Weapons
   571 | D:1      | Reached XP level 3. HP: 21/21 MP: 4/4
   660 | D:1      | 660 ||| UPGRADING to +0 pair of gloves.
   665 | D:1      | 665 ||| READING scroll labelled KINICU GUKH.
   669 | D:1      | 669 ||| READING 2 scrolls labelled TICHEST KUYLABB.
   670 | D:1      | 670 ||| READING scroll labelled SAKHIYHUAH.
   671 | D:1      | 671 ||| READING scroll labelled RUOFOA PIDGHIHU.
   672 | D:1      | 672 ||| READING scroll labelled NOTIXI XOYCIXO.
   673 | D:1      | 673 ||| DROPPING scroll of poison.
   690 | D:2      | Noticed Robin
   693 | D:2      | 693 ||| STAIRDANCE
   695 | D:1      | HP: 5/21 [goblin/+0 club[Robin] (3)]
   697 | D:1      | Slain by a goblin

Levels and vault maps discovered:
D:1:      lightli_arrival_isolated_outpost, layout_basic,
          shapermc_ecumenical_altar_ellora, minmay_small_reverse_x
D:2:      layout_rooms, serial_shops, nicolae_shop_stone,
          nicolae_shop_tiny_glass, serial_aquarium, aquarium_bridge_island_small
          [aquarium_subvault_small_water, aquarium_subvault_balcony,
          aquarium_subvault_bridge, aquarium_subvault_bridge,
          aquarium_subvault_bridge], aquarium_window_2, aquarium_window_fake,
          aquarium_window_1, aquarium_view_2e, uniq_robin

Skill      XL: |  1  2  3 |
---------------+----------+-----
Ranged Weapons | 3 |  3.1
Fighting       | 2 |  2.0
Dodging        | |  1.5
Spellcasting   | |  1.0
Hexes          | |  2.6

Action                     || total
---------------------------++-------
   Fire: Sling             ||    62
    Use: Scroll            ||     5
 Armour: Robe              ||    14
  Dodge: Dodged            ||    23

Table legend:
 A = Non-vault XP
 B = Vault XP
 C = Vault XP percentage of total XP
 D = Non-vault monster count
 E = Vault monster count
 F = Vault count percentage of total count
                 A         B        C        D         E       F
            +---------+---------+-------+---------+---------+-------
      Total |      30 |      16 |  34.8 |      19 |       7 |  26.9
            +---------+---------+-------+---------+---------+-------
        D:1 |      26 |      14 |  35.0 |      16 |       6 |  27.3
        D:2 |       4 |       2 |  33.3 |       3 |       1 |  25.0
            +---------+---------+-------+---------+---------+-------
